 Dungeon Crawl Stone Soup version 0.31-a0-960-g0fca184906 (webtiles) character file.

Game seed: 3897326256401529057

375 Error4North the Ruffian (level 6, -12/50 HPs)
             Began as a Draconian Shapeshifter on Oct 23, 2023.
             Mangled by an ogre
             ... wielding a +0 giant spiked club
              (24 damage)
             ... on level 4 of the Dungeon.
             The game lasted 00:07:21 (2757 turns).

Error4North the Ruffian (Draconian Shapeshifter)    Turns: 2757, Time: 00:07:21

Health: -12/50     AC:  6    Str: 18    XL:     6   Next: 44%
Magic:  6/6        EV: 12    Int: 11    God:
Gold:   112        SH:  0    Dex: 10    Spells: 5/5 levels left

rFire   . .          .
                       - Unarmed
rCold   . . .        (no shield)
rNeg    . . .        (body armour unavailable)
rPois   .            (helmet currently unavailable)
rElec   .            (cloak currently unavailable)
rCorr   .            n - melded +0 pair of gloves
SInv    .            (boots currently unavailable)
Will    .....        j - amulet of the acrobat
Stlth   +            (no ring)
HPRegen 0.28/turn    (no ring)
MPRegen 0.10/turn

%: acrobat
@: brilliant, beast-form
A: beast (slay +2), AC +6, unfitting armour, cold-blooded
a: Begin Untransformation


You were on level 4 of the Dungeon.
You were a hulking beast.
You visited 1 branch of the dungeon, and saw 4 of its levels.

You collected 112 gold pieces.

Inventory:

Armour
 n - a +0 pair of gloves (melded)
Jewellery
 j - an amulet of the acrobat (around neck)
Talismans
 b - a beast talisman (active)
 c - a flux talisman
Scrolls
 d - 2 scrolls of teleportation {unknown}
 e - 2 scrolls of fear {unknown}
 h - a scroll of enchant armour {unknown}
 i - 3 scrolls of identify {unknown}
 k - 4 scrolls of amnesia {unknown}
 m - a scroll of brand weapon {unknown}
Potions
 a - a potion of lignification
 f - a potion of curing
 l - a potion of mutation {unknown}
 o - a potion of heal wounds {unknown}


   Skills:
 * Level 2.5 Fighting
 * Level 3.8 Dodging
 + Level 0.7 Stealth
 + Level 4.8 Unarmed Combat
 * Level 4.1 Shapeshifting


You had 5 spell levels left.
You didn't know any spells.
Your spell library contained the following spells:

 Spells                   Type           Power      Damage    Failure   Level
 Apportation              Tloc           0%         N/A       34%         1
 Magic Dart               Conj           0%         1d3       34%         1
 Searing Ray              Conj           0%         2d4       47%         2
 Fulminant Prism          Conj/Hex       0%         3d5       98%         4
 Arcjolt                  Conj/Air       0%         1d10      100%        5
 Bombard                  Conj/Erth      0%         9d1       100%        6


Dungeon Overview and Level Annotations

Branches:
Dungeon (4/15)
 Temple: D:4-7

Altars:

Shops:
D:3 =(*


Innate Abilities, Weirdness & Mutations

You are a hulking beast.
Your limbs bulge with bestial killing power. (Slay +2)
Your plain brown scales are hard. (AC +6)
You cannot fit into any form of body armour.
You are cold-blooded and may be slowed by cold attacks.


Message History

You hit the orc.
You kill the orc!
You feel sick.
Your life force feels restored.
You closely miss the orc.
Your tail-slap misses the orc.
You punch the orc.
The orc is moderately wounded.
You feel sick. The orc misses you.
You closely miss the orc.
The orc is moderately wounded.
You feel sick. The orc hits you with a +0 hand axe.
You closely miss the orc.
The orc is moderately wounded.
You feel sick.
You are no longer poisoned.
The orc barely misses you.
You hit the orc.
The orc is heavily wounded.
You closely miss the orc.
The orc is heavily wounded.
The orc hits you with a +0 hand axe.
* * * LOW HITPOINT WARNING * * *
You punch the orc!
You kill the orc!
Items here: ))) [ †††.
Okay, then.
Unknown command.
You start resting.
An ogre comes into view. It is wielding a +0 giant spiked club.
The ogre shouts!
You hit the ogre but do no damage.
The ogre hits you with a +0 giant spiked club!!
You hit the ogre.
The ogre is lightly wounded.
The ogre hits you with a +0 giant spiked club!
* * * LOW HITPOINT WARNING * * *
It was a potion of curing.
You feel better.
It was a potion of brilliance.
You feel clever all of a sudden.
The ogre hits you with a +0 giant spiked club!!
You die...

#..##.###.#
#.........#
#.....#
####..#
.######..#
.........#
#######)##
##)# ##.h#
######..O####
..>....<....+
######...####
##..# ##.#
#.# #.# #.#


You could see an ogre.

Vanquished Creatures
  The ghost of Azuregosa the Covert, an amateur OpDe of Gozag (D:3)
  An orc priest (D:4)
  Terence (D:2)
  Jessica (D:3)
  5 adders
  A worm (D:2)
  A dart slug (D:2)
  7 orcs
  A ball python (D:1)
  3 giant cockroaches
  5 goblins
  5 hobgoblins
  4 jackals (D:1)
  3 quokkas (D:2)
  4 bats
  7 frilled lizards
  3 kobolds
  5 rats
58 creatures vanquished.

Notes
Turn   | Place    | Note
-------+----------+-------------------------------------------
     0 | D:1      | Error4North the Draconian Shapeshifter began the quest for
                  | the Orb.
     0 | D:1      | Reached XP level 1. HP: 16/16 MP: 1/1
   238 | D:1      | Reached XP level 2. HP: 23/23 MP: 2/2
   593 | D:2      | Noticed Terence
   608 | D:2      | Killed Terence
   609 | D:2      | Reached XP level 3. HP: 8/28 MP: 3/3
   779 | D:2      | Reached XP level 4. HP: 35/35 MP: 4/4
  1515 | D:3      | Noticed Jessica
  1521 | D:3      | Killed Jessica
  1681 | D:3      | Identified the +0 war axe of Duul {heavy, rElec rF+ Str-4
                  | Stlth+}
  1695 | D:3      | Found Nolohy's Jewellery Shoppe.
  1718 | D:3      | Found Loixaruo's Assorted Antiques.
  1758 | D:3      | Found a runed translucent door.
  1759 | D:3      | Noticed Azuregosa's ghost (amateur OpDe)
  1941 | D:3      | Reached XP level 5. HP: 41/41 MP: 5/5
  1966 | D:3      | Found Ennoimn's Weapon Shoppe.
  2466 | D:3      | Killed Azuregosa's ghost
  2467 | D:3      | Reached XP level 6. HP: 10/49 MP: 6/6
  2621 | D:4      | Identified the "Ixiam"
  2757 | D:4      | Mangled by an ogre

Illustrated notes

Levels and vault maps discovered:
D:1:      roadster_arrival_rocket_small, layout_basic
D:2:      minmay_general_purpose_star, layout_basic, wad_floor_pattern_1,
          minmay_misc_feat_secret_circle, chequers_mini_garden, uniq_terence
D:3:      layout_basic, gammafunk_ghost_grave, serial_shops, shop, shop, shop,
          minmay_misc_feat_more_columns, uniq_jessica
D:4:      layout_loops_corners, mainiacjoe_overflow_boulevard, uniq_duvessa,
          uniq_natasha

Skill      XL: |  1  2  3  4  5 |
---------------+----------------+-----
Dodging        | 2 3 |  3.8
Unarmed Combat | 4 |  4.8
Fighting       | 2 |  2.5
Shapeshifting  | 4 |  4.1
Stealth        | |  0.7

Action                     |  1- 3 |  4- 6 || total
---------------------------+-------+-------++-------
  Melee: Unarmed           |    96 |   112 ||   208
         Tailslap          |     7 |    12 ||    19
         Punch             |       |     2 ||     2
    Use: Potion            |       |     2 ||     2
   Stab: Sleeping          |       |     1 ||     1
 Armour: Skin              |    63 |    54 ||   117
  Dodge: Dodged            |    74 |    65 ||   139
   Form: Beast             |       |     2 ||     2
                           |       |     1 ||     1

Table legend: (Time is in decaauts)
 A = Elapsed time spent in this place.
 B = Non-inter-level travel time spent in this place.
 C = Inter-level travel time spent in this place.
 D = Time resting spent in this place.
 E = Time spent auto-exploring this place.
 F = Levels seen in this place.
 G = Mean time per level.
                   A        B        C        D        E       F      G
               +--------+--------+--------+--------+--------+-----+--------+
         Total |   2742 |   2714 |     28 |    172 |   1987 |   4 |  685.5 |
       Dungeon |   2742 |   2714 |     28 |    172 |   1987 |   4 |  685.5 |
               +--------+--------+--------+--------+--------+-----+--------+

Top non-repeatable levels by time:
     D:3: 1108 daAuts
     D:2: 984 daAuts
     D:1: 515 daAuts
     D:4: 133 daAuts
